 Dungeon Crawl Stone Soup version 0.32-a0-779-g362cfcae2a (webtiles) character file.

Game seed: 7568683668901242677

358 retardedninja the Trooper (level 6, -3/51 HPs)
             Began as a Coglin Fighter on Mar 19, 2024.
             Splashed by a jelly's acid (9 damage)
             ... on level 4 of the Dungeon.
             The game lasted 00:06:31 (3287 turns).

retardedninja the Trooper (Coglin Fighter)          Turns: 3287, Time: 00:06:31

Health: -3/51      AC: -8    Str: 18    XL:     6   Next: 64%
Magic:  6/6        EV:  4    Int:  7    God:
Gold:   159        SH:  0    Dex: 14    Spells: 5/5 levels left

rFire   . . .        a - +0 war axe {Suni}
rCold   . . .        q - +0 falchion {Yamquzzuhalamma}
rNeg    . . .        i - +0 plate armour
rPois   .            (no helmet)
rElec   .            (no cloak)
rCorr   .            (no gloves)
SInv    .            (no boots)
Will    .....        (amulet unavailable) Stlth
                     (ring unavailable)
HPRegen 0.28/turn    (ring unavailable)
MPRegen 0.10/turn    (no gizmo)

%: no passive effects
@: corroded, revved
A: off-hand wielding, slow wielding, warmup strikes, no jewellery
a: Invent Gizmo


You were on level 4 of the Dungeon.
You visited 1 branch of the dungeon, and saw 4 of its levels.

You collected 159 gold pieces.

Inventory:

Hand Weapons
 a - a +0 war axe (weapon) {Suni}
 q - a +0 falchion (offhand) {Yamquzzuhalamma}
Armour
 i - a +0 plate armour (worn)
Wands
 m - a wand of paralysis (3)
Scrolls
 c - 2 scrolls of amnesia {unknown}
 d - a scroll of noise {unknown}
 f - a scroll of immolation {unknown}
 g - a scroll of revelation {unknown}
 l - 2 scrolls of enchant weapon {unknown}
 n - a scroll of blinking {unknown}
 p - 2 scrolls of vulnerability {unknown}
Potions
 e - a potion of ambrosia
 h - a potion of attraction
 k - a potion of haste
 o - a potion of cancellation {unknown}


   Skills:
 * Level 5.1 Fighting
 * Level 4.5 Axes
 + Level 3.7 Armour
 - Level 2.1 Shields


You had 5 spell levels left.
You didn't know any spells.
Your spell library contained the following spells:

 Spells                   Type           Power      Damage    Failure   Level
 Lesser Beckoning         Tloc           0%         N/A       100%        2
 Gell's Gravitas          Tloc           0%         N/A       100%        3
 Teleport Other           Tloc           0%         N/A       100%        3
 Tukima's Dance           Hex            0%         N/A       100%        3
 Dimensional Bullseye     Hex/Tloc       0%         N/A       100%        4
 Iskenderun's Mystic Bla  Conj/Tloc      0%         2d3       100%        4
 Passage of Golubria      Tloc           0%         N/A       100%        4
 Silence                  Hex/Air        0%         N/A       100%        5
 Lehudib's Crystal Spear  Conj/Erth      0%         10d2      100%        8


Dungeon Overview and Level Annotations

Branches:
Dungeon (4/15)
 Temple: D:4-7

Altars:
Uskayaw


Innate Abilities, Weirdness & Mutations

You can wield a second weapon in your off-hand.
It takes a long time for you to wield or remove held weapons.
Your first few attacks do less damage.
You cannot equip rings or amulets.


Message History

You are too injured to fight recklessly!
You are too injured to fight recklessly!
You are too injured to fight recklessly!
You are too injured to fight recklessly!
You are too injured to fight recklessly!
You are too injured to fight recklessly!
You are too injured to fight recklessly!
You are too injured to fight recklessly!
You are too injured to fight recklessly!
You are too injured to fight recklessly!
You are too injured to fight recklessly!
You are too injured to fight recklessly!
You are too injured to fight recklessly!
You are too injured to fight recklessly!
You are too injured to fight recklessly!
You are too injured to fight recklessly!
You are too injured to fight recklessly!
You are too injured to fight recklessly!
You are too injured to fight recklessly!
You are too injured to fight recklessly!
You hit the jelly with your +0 war axe.
Your graspers burn!
The jelly is lightly wounded.
You hit the jelly but do no damage.
Your graspers burn!
The jelly barely misses you.
You slash the jelly with your +0 falchion!
The acid corrodes you!
Your graspers burn!
The jelly is heavily wounded.
You hit the jelly but do no damage.
Your graspers burn!
The jelly hits you.
You are splashed with acid!
* * * LOW HITPOINT WARNING * * *
You hit the jelly with your +0 falchion.
Your graspers burn!
* * * LOW HITPOINT WARNING * * *
The jelly is severely wounded.
You hit the jelly but do no damage. The acid corrodes you!
Your graspers burn!
* * * LOW HITPOINT WARNING * * *
The jelly hits you.
* * * LOW HITPOINT WARNING * * *
The acid corrodes you!
You are splashed with acid!
You die...

#.............###
#..#########..#
#...# #..# ##..#
## ###....
#..###.#...##....
#.......... .....
#.#....#### ....
#.#....# ##.@)>##
##J.## ..## ....
..$.. ../....
##....!. ...###..


You could see a jelly.

Vanquished Creatures
  An ice beast (D:3)
  2 orc priests
  Jessica (D:2)
  Natasha (twice) (D:3)
  An orc wizard (D:3)
  3 adders
  3 dart slugs
  5 orcs (D:3)
  6 ball pythons
  9 endoplasms
  5 giant cockroaches
  5 goblins
  10 hobgoblins
  2 jackals (D:3)
  4 kobolds
  3 quokkas
  4 bats
  2 frilled lizards (D:3)
  5 rats
73 creatures vanquished.

Notes
Turn   | Place    | Note
-------+----------+-------------------------------------------
     0 | D:1      | retardedninja the Coglin Fighter began the quest for the
                  | Orb.
     0 | D:1      | Reached XP level 1. HP: 18/18 MP: 1/1
    64 | D:1      | Reached XP level 2. HP: 18/24 MP: 2/2
   530 | D:1      | Reached XP level 3. HP: 29/29 MP: 3/3
  1169 | D:2      | Noticed Jessica
  1171 | D:2      | Found a faded altar of an unknown god.
  1186 | D:2      | Killed Jessica
  1187 | D:2      | Reached XP level 4. HP: 27/37 MP: 4/4
  1816 | D:3      | Reached skill level 4 in Fighting
  1849 | D:3      | Noticed an ice beast
  1856 | D:3      | Killed an ice beast
  1857 | D:3      | Reached XP level 5. HP: 43/43 MP: 5/5
  2202 | D:3      | Found a hide-covered altar of Uskayaw.
  2245 | D:4      | Noticed Natasha
  2258 | D:3      | Killed Natasha
  2259 | D:3      | Reached XP level 6. HP: 36/50 MP: 6/6
  2516 | D:3      | Noticed Natasha
  2520 | D:3      | Killed Natasha
  3227 | D:3      | Reached skill level 5 in Fighting
  3287 | D:4      | Splashed by a jelly's acid

Illustrated notes

Levels and vault maps discovered:
D:1:      lemuel_arrival_funnel, layout_basic
D:2:      layout_loops_ring, ebering_ecumenical_altar_petrified, uniq_jessica
D:3:      layout_rooms, lemuel_round_altar, minmay_puff
D:4:      layout_cave_pools, lemuel_temple_firewalk_a, uniq_natasha

Skill      XL: |  1  2  3  4  5  6 |
---------------+-------------------+-----
Armour         | 3 |  3.7
Axes           | 3 4 |  4.5
Fighting       | 4 5 |  5.1
Shields        | |  2.1

Action                     |  1- 3 |  4- 6 || total
---------------------------+-------+-------++-------
  Melee: War axe           |    64 |    70 ||   134
         Whip              |    22 |    54 ||    76
         Falchion          |       |    12 ||    12
  Evoke: Wand              |       |     2 ||     2
    Use: Potion            |       |     1 ||     1
         Scroll            |       |     3 ||     3
   Stab: Paralysed         |       |     3 ||     3
 Armour: Scale mail        |    36 |       ||    36
         Plate armour      |    21 |    76 ||    97
  Dodge: Dodged            |    16 |    23 ||    39
  Block: Buckler           |     2 |       ||     2

Table legend: (Time is in decaauts)
 A = Elapsed time spent in this place.
 B = Non-inter-level travel time spent in this place.
 C = Inter-level travel time spent in this place.
 D = Time resting spent in this place.
 E = Time spent auto-exploring this place.
 F = Levels seen in this place.
 G = Mean time per level.
                   A        B        C        D        E       F      G
               +--------+--------+--------+--------+--------+-----+--------+
         Total |   3326 |   3143 |    183 |    883 |   1658 |   4 |  831.5 |
       Dungeon |   3326 |   3143 |    183 |    883 |   1658 |   4 |  831.5 |
               +--------+--------+--------+--------+--------+-----+--------+

Top non-repeatable levels by time:
     D:3: 1603 daAuts
     D:1: 835 daAuts
     D:2: 787 daAuts
     D:4: 99 daAuts
